 Dungeon Crawl Stone Soup version 0.15-a0-1345-gc375f20 (webtiles) character file.

57 MDvedh the Skirmisher (level 4, -1/49 HPs)
             Began as an Ogre Abyssal Knight on June 8, 2014.
             Was a Follower of Lugonu.
             Killed from afar by Terence (6 damage)
             ... with a wand of magic darts
             ... on Level 2 of the Dungeon.
             The game lasted 00:04:22 (2134 turns).

MDvedh the Skirmisher (Ogre Abyssal Knight)         Turns: 2134, Time: 00:04:22

HP  -1/49        AC  3     Str 18      XL: 4   Next:  0%
MP   5/5         EV 10     Int 17      God: Lugonu [*.....]
Gold 80          SH  0     Dex  9      Spells:  0 memorised,  3 levels left

rFire  . . .     SeeInvis .     a - +1 mace
rCold  . . .     Clarity  .     b - +0 robe
rNeg   . . .     rCorr    .     (shield restricted)
rPois  .         rRot     .     (helmet restricted)
rElec  .         Spirit   .     (no cloak)
SustAb .         Warding  .     (gloves unavailable)
rMut   .         Stasis   .     (boots unavailable)
Gourm  .                        (no amulet)
MR     .....                    (no ring)
                                e - +6 ring of intelligence

@: about to teleport, not resistant to hostile enchantments, very unstealthy
A: unfitting armour, tough skin 1
a: Depart the Abyss, Renounce Religion


You were on level 2 of the Dungeon.
You worshipped Lugonu.
Lugonu was aware of your devotion.
You were hungry.

You visited 1 branch of the dungeon, and saw 2 of its levels.
You visited the Abyss 1 time.

You collected 80 gold pieces.

Inventory:

Hand weapons
 a - a +1,+1 mace (weapon)
Missiles
 m - 3 tomahawks (quivered)
Armour
 b - a +0 robe (worn)
Comestibles
 c - a meat ration
 g - a royal jelly
 k - a bread ration
Scrolls
 d - a scroll of teleportation
 f - a scroll of fear {unknown}
 h - 3 scrolls of identify {unknown}
 i - a scroll of remove curse {unknown}
 q - a scroll of recharging {unknown}
 s - a scroll of enchant weapon II {unknown}
Jewellery
 e - a +6 ring of intelligence (left hand)
 r - an uncursed amulet of rage {unknown}
Potions
 l - a potion of brilliance {unknown}
 n - a potion of flight {unknown}
 o - a potion of paralysis {unknown}
 p - a potion of invisibility {unknown}


   Skills:
 - Level 4.7 Fighting
 + Level 4.0 Maces & Flails
 - Level 0.2 Throwing
 - Level 2.5 Dodging
 - Level 2.4 Invocations


You had 3 spell levels left.
You didn't know any spells.

Dungeon Overview and Level Annotations

Branches:
Dungeon (2/15)

Altars:

Annotations:
D:2 Terence


Innate Abilities, Weirdness & Mutations

You are too large for most types of armour.
You have tough skin (AC +1).


Message History

You feel much better.
It was a potion of heal wounds.
Terence closely misses you.
You hit Terence but do no damage.
Terence is lightly wounded.
Terence zaps a wand.
The magic dart hits you!
You completely miss Terence.
Terence is lightly wounded.
Terence zaps a wand.
The magic dart hits you!
Read which item? (? for menu, Esc to quit)
As you read the scroll of teleportation, it crumbles to dust.
You feel strangely unstable.
Terence zaps a wand.
The magic dart hits you!
Unknown command.
Terence zaps a wand.
The magic dart hits you!
* * * LOW HITPOINT WARNING * * *
Your surroundings seem slightly different.
Terence barely misses you.
Read which item? (? for menu, Esc to quit)
As you read the scroll of teleportation, it crumbles to dust.
You feel strangely unstable.
Terence zaps a wand.
The magic dart hits you!
You die...

#.##.# #..........).. #
#.##.# #........#####
###.##.# ##########
.##.##.# .##.##.#
.##.##.# # ....##.# .####
######.###########.....##
#......ยง..@@........
#############...#### .##
#


You could see Terence.

Vanquished Creatures
  2 adders (D:2)
  A worm (D:2)
  7 bats
  A giant cockroach (D:2)
  5 goblins
  5 hobgoblins
  A quokka (D:1)
  3 giant newts
  5 kobolds
  2 rats (D:2)
32 creatures vanquished.

Notes
Turn   | Place    | Note
--------------------------------------------------------------
     0 | Abyss:1  | MDvedh, the Ogre Abyssal Knight, began the quest for the Orb.
     0 | Abyss:1  | Reached XP level 1. HP: 24/24 MP: 1/1
    66 | Abyss:1  | Noticed a profane servitor
    67 | D:1      | Escaped the Abyss
   444 | D:1      | Acquired Lugonu's first power
   446 | D:1      | Reached XP level 2. HP: 32/32 MP: 2/2
  1173 | D:2      | Reached XP level 3. HP: 24/40 MP: 4/4
  1892 | D:2      | Noticed Terence
  1972 | D:2      | Reached XP level 4. HP: 49/49 MP: 5/5
  2134 | D:2      | Killed from afar by Terence

Action                   |  1- 3 |  4- 6 || total
-------------------------+-------+-------++-------
Melee: Mace              |    87 |     7 ||    94
Throw: Tomahawk          |    13 |       ||    13
Invok: Depart the Abyss  |     1 |       ||     1
  Use: Scroll            |     1 |     2 ||     3
       Potion            |       |     1 ||     1
